 Dungeon Crawl Stone Soup version 0.28.0-43-g3370ac3207 (webtiles) character file.

Game seed: 3191690153010671683

82 issech the Cudgeller (level 4, -4/44 HPs)
             Began as a Troll Monk on Mar 29, 2022.
             Killed by divine providence
             ... invoked by an orc priest
              (13 damage)
             ... on level 3 of the Dungeon.
             The game lasted 00:04:48 (1696 turns).

issech the Cudgeller (Troll Monk)                   Turns: 1696, Time: 00:04:49

Health: -4/44      AC:  5    Str: 19    XL:     4   Next: 21%
Magic:  3/3        EV: 10    Int:  6    God:
Gold:   137        SH:  0    Dex: 14    Spells: 3/3 levels left

rFire   . . .      SeeInvis .   a - +0 mace
rCold   . . .      Faith    .   (no shield)
rNeg    . . .      Spirit   .   b - +0 robe
rPois   .          Reflect  .   (helmet restricted)
rElec   .          Harm     .   k - +0 cloak
rCorr   .          Rampage  .   (gloves unavailable)
Will    .....                   (boots unavailable)
Stlth   ++........              (no amulet)
HPRegen 0.94/turn               (no ring)
MPRegen 0.08/turn               (no ring)

@: lethally poisoned (-4 -> -5)
A: large, unfitting armour, claws 3, regeneration 1, shaggy fur 1, tough skin 1
a: no special abilities


You were on level 3 of the Dungeon.
You visited 1 branch of the dungeon, and saw 3 of its levels.

You collected 137 gold pieces.

Inventory:

Hand Weapons
 a - a +0 mace (weapon)
Missiles
 c - 16 poisoned darts (quivered)
 d - 52 stones
 f - 17 arrows
 h - 19 sling bullets
 i - 28 bolts
Armour
 b - a +0 robe (worn)
 k - a +0 cloak (worn)
Scrolls
 g - a scroll of teleportation {unknown}
 j - 2 scrolls of identify {unknown}
Potions
 e - a potion of heal wounds {unknown}


   Skills:
 + Level 2.9 Fighting
 + Level 3.6 Maces & Flails
 + Level 2.9 Dodging
 + Level 1.2 Stealth


You had 3 spell levels left.
You didn't know any spells.
Your spell library contained the following spells:

 Spells                   Type           Power      Damage    Failure   Level
 Beastly Appendage        Tmut           0%         N/A       45%         1
 Wereblood                Tmut           0%         N/A       58%         2
 Ozocubu's Armour         Ice            0%         N/A       83%         3
 Spider Form              Tmut/Pois      0%         N/A       83%         3
 Metabolic Englaciation   Hex/Ice        0%         N/A       100%        5
 Simulacrum               Ice/Necr       0%         N/A       100%        6


Dungeon Overview and Level Annotations

Branches:
Dungeon (3/15)

Altars:
Dithmenos

Annotations:
D:3 Sigmund


Innate Abilities, Weirdness & Mutations

You are too large for most types of armour.
You have claws for hands.
Your natural rate of healing is unusually fast.
You are covered in fur. (AC +1)
You have tough skin. (AC +1)


Message History

The orc priest invokes the aid of Beogh against you.
Beogh smites you!
The kobold throws a poisoned dart.
The poisoned dart hits you!
You are poisoned.
A frilled lizard comes into view.
There is an open door here.
You feel very sick.
You feel sick.
You feel sick.
The kobold throws a poisoned dart.
The poisoned dart closely misses you.
You feel sick.
You feel sick.
You feel sick.
You feel sick.
The kobold throws a poisoned dart.
The poisoned dart closely misses you.
You feel sick.
You feel sick.
You are no longer poisoned.
The kobold throws a poisoned dart.
The poisoned dart hits you!
You are poisoned.
You feel very sick.
The kobold throws a poisoned dart.
The poisoned dart hits you!
You are more poisoned.
You feel very sick.
You feel very sick.
You feel sick.
The orc priest invokes the aid of Beogh against you.
You barely resist.
You feel sick.
The orc priest calls down the wrath of Beogh upon you.
Beogh smites you!
* * * LOW HITPOINT WARNING * * *
You feel sick.
You feel sick.
You feel sick.
You feel sick.
You feel sick.
The orc priest mumbles some strange prayers to Beogh against you.
Beogh smites you!
You die...

.......###.#.#
...l... #...#
...o... #...# ..
.....?. #..## #.
....... #...# .
.....## #.#.## #
..... #....# #
#######..##### #
#.@..K.o..##.######
#.#####.#..........
#.# #.#..#.######
#.# #.##.#.# # #.#
#.##...# # #.#
#.##...######
#.#####.##..>......
#....##.##.########
#..#..#....#


You could see an orc priest and a kobold.

Vanquished Creatures
  Natasha (D:3)
  2 adders (D:2)
  An orc (D:3)
  2 bats
  An endoplasm (D:2)
  3 goblins
  2 hobgoblins
  4 jackals (D:2)
  3 kobolds
  4 quokkas
  5 ball pythons (D:1)
  3 frilled lizards
  6 rats
37 creatures vanquished.

Notes
Turn   | Place    | Note
-------+----------+-------------------------------------------
     0 | D:1      | issech the Troll Monk began the quest for the Orb.
     0 | D:1      | Reached XP level 1. HP: 22/22 MP: 0/0
   138 | D:1      | Found a faded altar of an unknown god.
   211 | D:1      | Reached XP level 2. HP: 29/29 MP: 1/1
   282 | D:1      | Reached skill level 3 in Maces & Flails
   616 | D:2      | Found a shadowy altar of Dithmenos.
   710 | D:2      | Reached XP level 3. HP: 3/36 MP: 2/2
  1460 | D:3      | Noticed Natasha
  1467 | D:3      | Killed Natasha
  1468 | D:3      | Reached XP level 4. HP: 35/44 MP: 3/3
  1490 | D:3      | Noticed Sigmund
  1696 | D:3      | Killed from afar by an orc priest

Illustrated notes

Levels and vault maps discovered:
D:1:      evilmike_arrival_come_back, layout_basic,
          ebering_ecumenical_altar_rust
D:2:      layout_loops_cross, basic_altar
D:3:      layout_basic, nemelex_diamond_rough_becter, serial_curves,
          eino_curves_03, eino_curves_01, eino_curves_01, eino_curves_03,
          uniq_sigmund, uniq_jessica, uniq_natasha

Skill      XL: |  1  2 |
---------------+-------+-----
Maces & Flails | 3 |  3.6
Fighting       | |  2.9
Dodging        | |  2.9
Stealth        | |  1.2

Action                   |  1- 3 |  4- 6 || total
-------------------------+-------+-------++-------
Melee: Mace              |    97 |     8 ||   105
       Punch             |     1 |       ||     1
 Stab: Sleeping          |     2 |       ||     2
Armor: Robe              |    35 |     4 ||    39
Dodge: Dodged            |    61 |     6 ||    67
